 Dungeon Crawl Stone Soup version 0.30-a0-137-gd8773701ce (webtiles) character file.

Game seed: 6601459727891893243

6 KennySheep the Slasher (level 1, -1/17 HPs)
             Began as a Demigod Gladiator on Sept 24, 2022.
             Succumbed to a kobold's poison
             ... on level 1 of the Dungeon.
             The game lasted 00:00:27 (162 turns).

KennySheep the Slasher (Demigod Gladiator)           Turns: 162, Time: 00:00:27

Health: -1/17      AC:  4    Str: 15    XL:     1   Next: 60%
Magic:  3/3        EV: 12    Int: 10    God:
Gold:   20         SH:  0    Dex: 15    Spells: 0/0 levels left

rFire   . . .      SeeInvis .    h - +3 dagger
rCold   . . .      Faith    .    (no shield)
rNeg    . . .      Spirit   .    b - +0 leather armour
rPois   .          Reflect  .    c - +0 helmet
rElec   .          Harm     .    (no cloak)
rCorr   .          Rampage  .    (no gloves)
Will    .....                    (no boots)
Stlth   +.........               (no amulet)
HPRegen 0.05/turn                (no ring)
MPRegen 0.08/turn                (no ring)

@: lethally poisoned (-1 -> -12)
A: high MP 1, forlorn, divine attributes
a: no special abilities


You were on level 1 of the Dungeon.
You visited 1 branch of the dungeon, and saw 1 of its levels.

You collected 20 gold pieces.

Inventory:

Hand Weapons
 a - a +0 long sword
 h - a +3 dagger (weapon)
Missiles
 d - 3 throwing nets (quivered)
 e - a javelin
Armour
 b - a +0 leather armour (worn)
 c - a +0 helmet (worn)
Scrolls
 f - a scroll of teleportation {unknown}
 g - a scroll of vulnerability {unknown}


   Skills:
 + Level 1.8 Fighting
 * Level 2.8 Long Blades
 - Level 1.7 Throwing
 + Level 0.2 Armour
 + Level 2.7 Dodging
 + Level 0.3 Stealth


You couldn't memorise any spells.
You didn't know any spells.
Your spell library was empty.

Dungeon Overview and Level Annotations

Branches:
Dungeon (1/15)


Innate Abilities, Weirdness & Mutations

You have an increased reservoir of magic. (+10% MP)
You shall have no god before yourself.
Your divine heritage dramatically boosts your attributes as you level up.


Message History

Found an escape hatch in the floor.
You see here a +3 dagger.
h - a +3 dagger
h - a +3 dagger (weapon)
You see here a +0 falchion.
Found a leather armour. 2 kobolds come into view.
A kobold is wielding a +1 short sword of venom.
The kobold shouts!
There are monsters nearby!
The kobold shouts!
You hit the kobold but do no damage.
The kobold hits you with a +0 short sword.
You hit the kobold.
You kill the kobold!
You barely miss the kobold. The kobold barely misses you.
You barely miss the kobold.
The kobold hits you with a +1 short sword of venom.
You are poisoned.
You closely miss the kobold.
You feel sick. The kobold misses you.
You hit the kobold but do no damage.
You feel sick. The kobold misses you.
You hit the kobold.
The kobold is heavily wounded.
You feel sick. The kobold barely misses you.
You barely miss the kobold.
The kobold is heavily wounded.
You feel sick.
The kobold hits you with a +1 short sword of venom.
You barely miss the kobold.
The kobold is heavily wounded.
The kobold hits you with a +1 short sword of venom.
* * * LOW HITPOINT WARNING * * *
You are lethally poisoned!
You hit the kobold.
You kill the kobold!
* * * LOW HITPOINT WARNING * * *
You feel very sick.
No target in view!
You aren't carrying any potions.
You die...

#.....#.....#..#.
###.###.....#..#.
#.# #.....#....
#.# #.....##...
####.#
##########.
#....# . #.#####
. #.# ..
#@#.#####
#.)[.....
###.##### .# . ##


There were no monsters in sight!

Vanquished Creatures
  A ball python (D:1)
  3 kobolds (D:1)
  A quokka (D:1)
5 creatures vanquished.

Notes
Turn   | Place    | Note
-------+----------+-------------------------------------------
     0 | D:1      | KennySheep the Demigod Gladiator began the quest for the
                  | Orb.
     0 | D:1      | Reached XP level 1. HP: 17/17 MP: 3/3
   162 | D:1      | Succumbed to a kobold's poison

Illustrated notes

Levels and vault maps discovered:
D:1:      moated_graveyard_arrival, layout_loops_cross

Action                   || total
-------------------------++-------
Melee: Dagger            ||    10
       Long sword        ||     6
Armor: Leather armour    ||     1
Dodge: Dodged            ||    11

Table legend: (Time is in decaauts)
 A = Elapsed time spent in this place.
 B = Non-inter-level travel time spent in this place.
 C = Inter-level travel time spent in this place.
 D = Time resting spent in this place.
 E = Time spent auto-exploring this place.
 F = Levels seen in this place.
 G = Mean time per level.
                   A        B        C        D        E       F      G
               +--------+--------+--------+--------+--------+-----+--------+
         Total |    162 |    162 |      0 |      0 |    129 |   1 |  162.0 |
       Dungeon |    162 |    162 |      0 |      0 |    129 |   1 |  162.0 |
               +--------+--------+--------+--------+--------+-----+--------+

Top non-repeatable levels by time:
     D:1: 162 daAuts
